 Dungeon Crawl Stone Soup version 0.30-a0-777-ga9a30cbeda (webtiles) character file.

Game seed: 14012813650886677562

91 Flugslaktarn the Chopper (level 4, 0/41 HPs)
             Began as a Hill Orc Fighter on Feb 13, 2023.
             Slain by a gnoll
             ... wielding a +0 flail
              (8 damage)
             ... on level 2 of the Dungeon.
             The game lasted 00:00:39 (1176 turns).

Flugslaktarn the Chopper (Hill Orc Fighter)         Turns: 1176, Time: 00:00:39

Health: 0/41       AC:  7    Str: 20    XL:     4   Next: 57%
Magic:  4/4        EV:  9    Int:  8    God:
Gold:   88         SH:  4    Dex: 10    Spells: 3/3 levels left

rFire   . . .      SeeInvis .    a - +0 war axe
rCold   . . .      Faith    .    c - +0 buckler
rNeg    . . .      Spirit   .    b - +0 scale mail
rPois   .          Reflect  .    (no helmet)
rElec   .          Harm     .    (no cloak)
rCorr   .          Rampage  .    (no gloves)
Will    .....                    (no boots) Stlth
                                 (no amulet)
HPRegen 0.26/turn                (no ring)
MPRegen 0.09/turn                (no ring)

@: no status effects
A: no striking features
a: no special abilities


You were on level 2 of the Dungeon.
You visited 1 branch of the dungeon, and saw 2 of its levels.

You collected 88 gold pieces.

Inventory:

Hand Weapons
 a - a +0 war axe (weapon)
Armour
 b - a +0 scale mail (worn)
 c - a +0 buckler (worn)
Jewellery
 j - a ring of flight
   (You found it on level 1 of the Dungeon)
 m - a ring of willpower
   (You found it on level 2 of the Dungeon)
Scrolls
 e - 2 scrolls of teleportation {unknown}
 g - a scroll of poison {unknown}
 h - a scroll of noise {unknown}
Potions
 d - a potion of might
 f - 2 potions of brilliance {unknown}
 i - a potion of curing {unknown}
 k - a potion of heal wounds {unknown}


   Skills:
 + Level 4.4 Fighting
 * Level 4.8 Axes
 + Level 4.0 Armour
 - Level 3.2 Shields


You had 3 spell levels left.
You didn't know any spells.
Your spell library was empty.

Dungeon Overview and Level Annotations

Branches:
Dungeon (2/15)

Altars:


Message History

You start resting.
A bat comes into view.
A bat is nearby!
A bat is nearby!
Found a stone staircase leading down.
You block the bat's attack. The bat barely misses you.
You miss the bat. The bat barely misses you.
You hit the bat.
You kill the bat!
No target in view!
No target in view!
No target in view!
No target in view!
No target in view!
No target in view!
You start resting.
HP restored.
k - a fuming coppery potion You see here a rat corpse.
e - 2 scrolls labelled UCU MUKUCW (gained 1)
Found a stone staircase leading up.
There is a stone staircase leading up here.
Found a book of Misfortune.
You see here a book of Misfortune.
m - a ring of willpower No target in view!
No target in view!
No target in view!
No target in view!
No target in view!
Found a stone staircase leading down.
A bat comes into view.
The bat hits you but does no damage.
A bat is nearby!
A bat is nearby!
You completely miss the bat. The bat hits you but does no damage.
The bat completely misses you.
You closely miss the bat. The bat barely misses you. The bat barely misses you.
You barely miss the bat. You block the bat's attack.
The bat hits you but does no damage. x2
You miss the bat. The bat hits you but does no damage. x3
You closely miss the bat. The bat hits you but does no damage.
The bat closely misses you.
A bat is nearby!
A bat is nearby!
You miss the bat. The bat hits you but does no damage. x2
You slash the bat!
You kill the bat!
No target in view!
No target in view!
No target in view!
No target in view!
No target in view!
Found a robe. 2 gnolls come into view.
The gnoll shouts!
There are monsters nearby!
A gnoll comes into view. It is wielding a +0 flail.
The gnoll shouts!
The gnoll barely misses you. x2
You slash the gnoll!
The gnoll is almost dead.
You hit the gnoll. The gnoll hits you with a +0 halberd.
The gnoll barely misses you. The gnoll hits you with a +0 spear.
The gnoll hits you with a +0 halberd. The gnoll barely misses you.
You completely miss the gnoll.
The gnoll is almost dead.
You slash the gnoll!
You kill the gnoll!
You hit the gnoll. The gnoll barely misses you.
The gnoll hits you with a +0 flail.
You closely miss the gnoll.
The gnoll is almost dead.
You hit the gnoll. The gnoll hits you with a +0 spear.
The gnoll hits you with a +0 flail!
You are too injured to fight recklessly!
You are too injured to fight recklessly!
You barely miss the gnoll.
The gnoll is moderately wounded.
You barely miss the gnoll. The gnoll hits you with a +0 spear.
* * * LOW HITPOINT WARNING * * *
The gnoll closely misses you. The gnoll hits you with a +0 flail.
* * * LOW HITPOINT WARNING * * *
You block the gnoll's attack.
You closely miss the gnoll.
The gnoll is moderately wounded.
You hit the gnoll.
You kill the gnoll!
You block the gnoll's attack.
Your Armour skill increases to level 4!
You closely miss the gnoll.
The gnoll is moderately wounded.
The gnoll hits you with a +0 flail.
* * * LOW HITPOINT WARNING * * *
You hit the gnoll.
The gnoll is severely wounded.
The gnoll hits you with a +0 flail!
You die...

.....# #........
.....#
....#......[........
.....#
#.............>.....
.....#
##...................
.....#
....................
#.#######
####..........
......... ...........
#.######### #..)).# #
..........#
#[.@g.###...
......>...#
#.........#
..........#
#.....###..
######....#
#.....#####... #....#
###........... #.####
#...#####... #.#
#...# #.# #...# #.#
#...#


You could see a gnoll.

Vanquished Creatures
  5 gnolls (D:2)
  A dart slug (D:1)
  5 bats
  5 endoplasms (D:1)
  3 giant cockroaches
  5 goblins (D:1)
  6 hobgoblins (D:1)
  A kobold (D:1)
  3 ball pythons (D:1)
  A frilled lizard (D:2)
  5 rats
40 creatures vanquished.

Notes
Turn   | Place    | Note
-------+----------+-------------------------------------------
     0 | D:1      | Flugslaktarn the Hill Orc Fighter began the quest for the
                  | Orb.
     0 | D:1      | Reached XP level 1. HP: 19/19 MP: 1/1
   115 | D:1      | Reached XP level 2. HP: 27/27 MP: 2/2
   379 | D:1      | Reached XP level 3. HP: 31/33 MP: 3/3
   691 | D:1      | Found a faded altar of an unknown god.
   954 | D:2      | Reached XP level 4. HP: 27/40 MP: 4/4
  1176 | D:2      | Slain by a gnoll

Illustrated notes

Levels and vault maps discovered:
D:1:      grunt_arrival_crossed_arrows, layout_loops_ring,
          hellmonk_ecumenical_altar_arch_garden, minmay_tromino_v7
D:2:      layout_basic

Skill      XL: |  1  2  3  4 |
---------------+-------------+-----
Axes           | 3 4 |  4.8
Fighting       | 4 |  4.4
Armour         | 4 |  4.0
Shields        | |  3.2

Action                     |  1- 3 |  4- 6 || total
---------------------------+-------+-------++-------
  Melee: War axe           |    94 |    18 ||   112
 Armour: Scale mail        |    34 |    10 ||    44
  Dodge: Dodged            |    54 |    12 ||    66
  Block: Buckler           |    22 |     5 ||    27

Table legend: (Time is in decaauts)
 A = Elapsed time spent in this place.
 B = Non-inter-level travel time spent in this place.
 C = Inter-level travel time spent in this place.
 D = Time resting spent in this place.
 E = Time spent auto-exploring this place.
 F = Levels seen in this place.
 G = Mean time per level.
                   A        B        C        D        E       F      G
               +--------+--------+--------+--------+--------+-----+--------+
         Total |   1214 |   1194 |     20 |     64 |    868 |   2 |  607.0 |
       Dungeon |   1214 |   1194 |     20 |     64 |    868 |   2 |  607.0 |
               +--------+--------+--------+--------+--------+-----+--------+

Top non-repeatable levels by time:
     D:1: 932 daAuts
     D:2: 282 daAuts
